Map: Orbital Shipyard

Players

AcerNerchio (Nerchio)

  • Race: Zerg Zerg

INnoVation - Winner!

  • Race: Terran Terran

Event: NationWars III

VOD

Have the link to the VOD?

Description

Time

  • Played on: Jan. 3, 2016, 10:20 a.m.
  • Length: 14:16

All games in this series

Show
View Real Time Build Order
Export as new Build Order

AcerNerchio Zerg 

Build Orders: Hatch First 

Get SALT Encoding   

  12  0:01  Drone  
  13  0:12  Overlord  
  13  0:18  Drone  
  14  0:30  Drone x2  
  14  0:34  Drone  
  17  0:52  Hatchery  
  17  0:55  Drone  
  17  0:58  Drone  
  18  1:12  Spawning Pool  
  18  1:13  Drone  
  18  1:17  Drone  
  19  1:23  Extractor  
  18  1:28  Drone  
  19  1:39  Overlord  
  19  1:58  Zergling x2  
  19  1:59  Queen  
  19  2:00  Zergling x2  
  23  2:03  Queen  
  23  2:04  Zergling x2  
  26  2:11  Drone  
  27  2:16  Drone  
  27  2:21  Drone  
  29  2:25  Roach Warren  
  29  2:26  Drone  
  29  2:34  Drone  
  30  2:39  Drone  
  30  2:43  Overlord  
  31  2:55  Overlord  
  33  3:05  Roach x3  
  33  3:07  Roach  
  33  3:08  Roach x2  
  33  3:09  Drone  
  44  3:13  Overlord  
  44  3:20  Drone x2  
  44  3:21  Drone  
  44  3:23  Drone  
  48  3:29  Drone  
  48  3:33  Drone  
  50  3:41  Drone  
  50  3:42  Drone x3  
  50  3:48  Overlord  
  54  3:53  Roach  
  56  3:57  Extractor  
  56  3:59  Hatchery  
  54  4:07  Drone x4  
  54  4:09  Drone  
  59  4:15  Drone  
  59  4:16  Drone x3  
  63  4:21  Evolution Chamber, Extractor  
  63  4:22  Drone  
  62  4:26  Evolution Chamber, Drone  
  62  4:28  Drone  
  62  4:30  Drone  
  64  4:35  Lair  
  64  4:37  Drone  
  65  4:40  Overlord  
  65  4:42  Drone  
  65  4:44  Drone  
  67  4:46  Drone  
  67  4:49  Extractor  
  67  4:50  Zerg Melee Weapons Level 1  
  67  4:55  Zerg Ground Armor Level 1  
  67  4:58  Overlord  
  67  5:03  Drone x3  
  67  5:04  Drone  
  67  5:06  Drone  
  72  5:10  Drone  
  72  5:11  Drone  
  72  5:12  Drone x2  
  76  5:20  Drone x3  
  79  5:24  Drone x2  
  79  5:25  Drone x3  
  84  5:29  Queen  
  84  5:31  Drone  
  84  5:32  Drone  
  88  5:36  Infestation Pit, Overseer  
  88  5:41  Glial Reconstitution  
  87  5:44  Extractor  
  87  5:45  Overlord x2  
  87  5:47  Extractor  
  85  5:50  Metabolic Boost  
  85  5:55  Drone x4  
  89  6:03  Overlord  
  89  6:06  Overlord  
  89  6:07  Overlord  
  89  6:09  Hatchery, Drone  
  89  6:10  Drone x2  
  91  6:13  Roach  
  91  6:17  Hive  
  91  6:18  Infestor  
  93  6:20  Infestor  
  93  6:24  Ravager x3  
  100  6:29  Roach  
  100  6:30  Roach x3  
  108  6:33  Spore Crawler  
  108  6:35  Spore Crawler  
  108  6:39  Zergling x12  
  112  6:42  Zergling x2  
  112  6:44  Zergling x2  
  115  6:47  Zergling x2  
  115  6:50  Zergling x2  
  115  6:51  Zerg Ground Armor Level 2  
  115  6:54  Zerg Melee Weapons Level 2  
  115  7:00  Zergling x12  
  121  7:04  Zergling x8  
  125  7:14  Zergling x2  
  125  7:15  Zergling x8  
  120  7:25  Drone x4  
  123  7:30  Drone  
  123  7:31  Drone x4, Adrenal Glands  
  123  7:32  Ultralisk Cavern  
  123  7:35  Extractor  
  126  7:42  Extractor, Queen  
  127  7:46  Pneumatized Carapace  
  127  7:49  Overlord x2  
  127  7:52  Overlord  
  127  7:56  Extractor  
  127  7:57  Zergling x4  
  127  7:58  Zergling x8  
  128  8:09  Zergling x2  
  128  8:10  Zergling x16  
  135  8:16  Zergling x12  
  135  8:19  Chitinous Plating  
  141  8:24  Ultralisk  
  153  8:27  Ultralisk  
  153  8:35  Ultralisk  
  153  8:39  Overlord x2  
  159  8:41  Overlord  
  159  8:47  Overlord  
  159  9:00  Ultralisk x2  
  171  9:07  Drone x3  
  171  9:08  Drone x3  
  177  9:13  Drone x2  
  177  9:14  Baneling Nest  
  177  9:16  Queen  
  175  9:18  Drone x3  
  177  9:24  Spire  
  177  9:26  Zerg Ground Armor Level 3  
  176  9:35  Zergling x16  
  184  9:39  Zergling x8  
  184  9:44  Zerg Melee Weapons Level 3  
  186  9:53  Zergling x2  
  186  9:54  Zergling x18  
  188  10:01  Overlord x2  
  186  10:08  Overlord x2  
  186  10:13  Ultralisk Cavern  
  186  10:14  Zergling x12  
  181  10:24  Zergling x2  
  176  10:36  Corruptor x5, Greater Spire  
  186  10:46  Drone x4  
  190  10:53  Zergling x20  
  195  11:05  Ultralisk  
  192  11:16  Zergling x8  
  192  11:17  Zergling x6  
  192  11:18  Zergling x8  
  183  11:20  Ultralisk  
  161  11:29  Infestor x2  
  150  11:48  Brood Lord  
  150  11:49  Brood Lord x4  
  150  11:50  Ultralisk  
  150  11:59  Ultralisk  
  154  12:07  Zergling x12  
  150  12:10  Zergling x2  
  90  12:23  Zergling x4  
  84  12:39  Infestor  
  84  12:42  Hatchery  
  85  12:46  Drone x2  
  87  12:57  Pathogen Glands  
  87  13:00  Drone  
  87  13:04  Drone  
  89  13:06  Drone  
  90  13:13  Infestor  
  89  13:21  Infestor  
  89  13:26  Infestor  
  93  13:32  Infestor  
  95  13:39  Zergling x4  
  95  13:45  Zergling x2  
  96  13:50  Zergling x2  
  96  13:52  Zergling x2  
  98  13:58  Zergling x2  
Show
View Real Time Build Order
Export as new Build Order

INnoVation Terran - Winner!

Build Orders: Bio Tank 

Get SALT Encoding   

  12  0:01  SCV  
  13  0:13  SCV  
  14  0:18  Supply Depot  
  14  0:25  SCV  
  15  0:36  Refinery  
  15  0:39  SCV  
  16  0:44  Barracks  
  16  0:51  SCV  
  17  1:03  SCV  
  18  1:04  Barracks  
  18  1:15  SCV  
  19  1:31  Reaper, Orbital Command  
  20  1:36  Barracks  
  20  1:44  Supply Depot  
  20  1:52  Reaper  
  21  1:55  Refinery  
  21  1:59  SCV  
  22  2:04  Reaper  
  23  2:10  Supply Depot  
  23  2:11  SCV  
  24  2:24  SCV, Reaper  
  24  2:26  Reaper  
  27  2:36  SCV  
  28  2:37  Reaper  
  29  2:48  SCV  
  30  2:53  Command Center  
  30  2:56  Reaper  
  31  2:58  Reaper  
  31  3:01  SCV  
  33  3:08  Supply Depot  
  33  3:10  Reaper  
  34  3:13  SCV  
  34  3:25  SCV  
  35  3:28  Reaper  
  36  3:35  Barracks Tech Lab  
  36  3:37  SCV  
  37  3:45  Command Center  
  37  3:49  Barracks Reactor, SCV  
  37  3:54  Stimpack  
  38  4:00  Barracks Tech Lab  
  38  4:01  SCV  
  39  4:02  Marine  
  39  4:06  Orbital Command  
  40  4:13  SCV  
  40  4:19  Marine  
  40  4:20  Combat Shields, Marine  
  42  4:25  SCV  
  42  4:29  Marine x2  
  45  4:35  SCV  
  45  4:37  SCV  
  47  4:41  Factory, Marine x2  
  49  4:47  SCV  
  49  4:49  SCV  
  49  4:51  Engineering Bay  
  51  4:54  Engineering Bay  
  51  4:58  Refinery  
  51  4:59  Refinery, Orbital Command  
  51  5:02  SCV x2  
  53  5:07  Marine x3  
  53  5:09  Marine  
  57  5:14  SCV x2  
  57  5:20  Terran Infantry Weapons Level 1, Terran Infantry Armor Level 1  
  59  5:21  Orbital Command  
  59  5:27  SCV, Starport  
  58  5:31  Factory Reactor  
  58  5:34  Marine  
  58  5:35  Marine x3  
  62  5:39  SCV x2  
  64  5:45  Supply Depot  
  64  5:47  SCV  
  65  5:51  SCV x2  
  65  5:53  Marine x3  
  65  5:54  Marine  
  71  5:59  SCV  
  71  6:03  SCV x2  
  74  6:11  Medivac x2  
  74  6:12  Barracks  
  74  6:13  Barracks  
  74  6:14  SCV  
  74  6:15  SCV x2  
  81  6:21  Refinery  
  81  6:22  Barracks Reactor  
  81  6:23  Siege Tank  
  81  6:24  Supply Depot  
  84  6:26  Supply Depot  
  84  6:29  Armory  
  84  6:33  SCV, Supply Depot  
  85  6:40  Refinery  
  85  6:46  SCV x3, Medivac x2  
  92  6:49  Supply Depot  
  92  6:55  Siege Tank  
  92  6:56  Marine x3  
  92  6:58  SCV x2  
  92  6:59  Barracks Reactor  
  92  7:00  Barracks Reactor  
  100  7:02  Marine  
  100  7:04  Supply Depot  
  100  7:08  Factory  
  101  7:13  SCV x3, Marine  
  99  7:26  Marauder, Marine x3  
  99  7:28  Siege Tank  
  99  7:29  Supply Depot  
  108  7:33  SCV x3  
  111  7:38  Supply Depot  
  111  7:40  Marine x5  
  118  7:44  Terran Infantry Armor Level 2  
  118  7:46  Terran Vehicle Weapons Level 1  
  118  7:47  Marauder  
  118  7:48  Terran Infantry Weapons Level 2  
  116  7:54  Factory Tech Lab, Marine x3  
  116  7:58  Marine  
  115  8:05  Supply Depot  
  115  8:08  Marauder  
  115  8:11  Siege Tank  
  117  8:13  Siege Tank  
  117  8:17  Barracks x2  
  117  8:19  Barracks, Medivac x2  
  124  8:21  Marine  
  124  8:22  Marine x2  
  124  8:23  Marine x2  
  124  8:24  Marine  
  124  8:25  Marine  
  131  8:27  Marine  
  131  8:30  Marauder  
  134  8:35  Supply Depot  
  134  8:39  Marine x3  
  134  8:40  Marine  
  134  8:41  Supply Depot, Marine  
  138  8:42  Marine x2  
  138  8:45  Siege Tank  
  144  8:49  Medivac x2  
  148  8:57  Supply Depot, Siege Tank, Marauder  
  153  9:04  Marine x3  
  153  9:05  Barracks Tech Lab x3  
  153  9:07  Marine x5  
  161  9:10  Supply Depot  
  155  9:19  Marauder  
  155  9:22  Marine x2, Medivac x2  
  157  9:24  Siege Tank  
  157  9:27  Supply Depot, Marauder  
  157  9:28  Marauder x2  
  157  9:30  Concussive Shells  
  166  9:34  Supply Depot, Marine  
  167  9:39  Siege Tank  
  167  9:40  Marauder  
  167  9:44  Marine  
  173  9:46  Marine  
  173  9:49  Marauder x3  
  173  9:50  Marine x4  
  180  9:57  Medivac  
  180  9:58  Medivac  
  168  10:02  Marauder  
  170  10:08  Marine x6  
  170  10:10  Marauder  
  177  10:16  Siege Tank x2  
  183  10:26  Marine  
  183  10:27  Marine x2, Marauder x3  
  191  10:34  Marauder  
  180  10:43  Terran Infantry Weapons Level 3  
  180  10:48  Marauder  
  180  10:49  Marauder x2  
  186  10:51  Marine  
  186  10:54  Marine x2  
  186  10:55  Marauder  
  185  11:09  Marauder  
  185  11:10  Siege Tank x2  
  187  11:12  Marauder x2  
  176  11:21  Marine  
  176  11:22  Marine x2, Marauder  
  176  11:25  Marine  
  160  11:31  Marauder  
  162  11:33  Marauder  
  162  11:36  Medivac x2  
  170  11:40  Marauder  
  170  11:43  Marauder  
  170  11:52  Marauder  
  170  11:53  Marine x6  
  174  11:55  Marauder  
  174  12:01  Siege Tank, Marauder  
  178  12:04  Marauder  
  180  12:13  Marauder  
  180  12:15  Marine x2  
  171  12:16  Marauder, Marine  
  171  12:18  Marine  
  159  12:23  Marine x2, Marauder  
  159  12:26  Marauder  
  159  12:27  Marine x2  
  151  12:33  Marine  
  151  12:35  Marauder  
  145  12:37  Viking x2  
  149  12:49  Marine  
  149  12:50  Marine x7  
  157  13:06  Marine x4  
  157  13:07  Marine  
  157  13:12  Orbital Command  
  156  13:20  Viking  
  156  13:21  Viking  
  156  13:23  Marine x3  
  156  13:24  Marine  
  164  13:30  Marine x4  
  168  13:34  Marine  
  168  13:35  Marine  
  168  13:36  Marine  
  168  13:39  Marine  
  168  13:40  Marine  
  173  13:52  Marine  
  173  13:53  Marine x4  
Tags
 
Add a new tag
Caveats
  • Supply blocks, unpowered buildings, or Contaminate may cause inaccurate times.
  • Supply counts are checked every 10 seconds.